 Dungeon Crawl Stone Soup version 0.29.0-7-g18a832c13a (webtiles) character file.

Game seed: 4597381280307304821

125 Ordine the Conjurer (level 4, 0/24 HPs)
             Began as a Deep Elf Conjurer on Aug 30, 2022.
             Slain by Grinder (9 damage)
             ... on level 3 of the Dungeon.
             The game lasted 00:04:29 (2305 turns).

Ordine the Conjurer (Deep Elf Conjurer)             Turns: 2305, Time: 00:04:30

Health: 0/24       AC:  3    Str:  4    XL:     4   Next: 82%
Magic:  6/12       EV: 12    Int: 25    God:
Gold:   119        SH:  0    Dex: 13    Spells: 4/11 levels left

rFire   . . .      SeeInvis .   o - +8 spear "Murmur" {venom, rElec rN+}
rCold   + . .      Faith    .   (no shield)
rNeg    + . .      Spirit   .   a - +0 robe
rPois   .          Reflect  .   q - +0 helmet
rElec   +          Harm     .   (no cloak)
rCorr   .          Rampage  .   (no gloves)
Will    +....                   (no boots)
Stlth   ++........              (no amulet)
HPRegen 0.08/turn               j - ring of willpower
MPRegen 0.13/turn               d - ring of protection from cold

@: no status effects
A: no striking features
a: no special abilities


You were on level 3 of the Dungeon.
You visited 1 branch of the dungeon, and saw 3 of its levels.

You collected 119 gold pieces.

Inventory:

Hand Weapons
 o - the +8 spear "Murmur" (weapon) {venom, rElec rN+}
   (You took it off a goblin on level 3 of the Dungeon)

   It poisons the flesh of those it strikes.
   rElec:     It insulates you from electricity.
   rN:        It protects you from negative energy.
Armour
 a - a +0 robe (worn)
 l - a +0 buckler
 q - a +0 helmet (worn)
Jewellery
 d - a ring of protection from cold (right hand)
 j - a ring of willpower (left hand)
Scrolls
 f - a scroll of amnesia {unknown}
 i - a scroll of blinking {unknown}
 p - a scroll of poison {unknown}
Potions
 b - a potion of magic
 c - a potion of curing
 e - a potion of lignification {unknown}
 g - a potion of ambrosia {unknown}
 h - a potion of heal wounds {unknown}
 k - a potion of brilliance {unknown}
 m - a potion of berserk rage {unknown}
 n - a potion of might {unknown}
 r - a potion of experience {unknown}


   Skills:
 - Level 3.0 Dodging
 - Level 3.0 Stealth
 + Level 4.2 Spellcasting
 * Level 5.8 Conjurations
 + Level 0.9 Translocations


You had 4 spell levels left.
You knew the following spells:

 Your Spells              Type           Power      Damage    Failure   Level
a - Magic Dart            Conj           100%       1d8       1%          1
b - Searing Ray           Conj           68%        2d6       1%          2
c - Iskenderun's Mystic   Conj/Tloc      22%        2d6       22%         4

Your spell library contained the following spells:

 Spells                   Type           Power      Damage    Failure   Level
 Sandblast                Erth           10%        2d5       9%          1
 Slow                     Hex            20%        N/A       9%          1
 Dazzling Flash           Conj/Hex       38%        N/A       9%          3
 Stone Arrow              Conj/Erth      38%        3d9       9%          3
 Passwall                 Tmut/Erth      4%         N/A       14%         2
 Confusing Touch          Hex            5%         N/A       26%         3
 Inner Flame              Hex/Fire       5%         N/A       26%         3
 Vampiric Draining        Necr           5%         2d6       26%         3
 Fulminant Prism          Conj/Hex       9%         3d7       26%         4
 Cause Fear               Hex            2%         N/A       65%         4
 Discord                  Hex            2%         N/A       100%        8


Dungeon Overview and Level Annotations

Branches:
Dungeon (3/15)

Altars:

Annotations:
D:3 Grinder


Message History

The searing ray hits Grinder.
Grinder is lightly wounded. (Press . to maintain the ray.)
The searing ray hits Grinder.
Grinder is lightly wounded.
The searing ray hits Grinder.
Grinder is moderately wounded.
The searing ray hits Grinder.
Grinder is moderately wounded.
You finish channelling your searing ray.
Grinder hits you.
You writhe in agony.
Casting: Searing Ray (safe; 1% risk of failure)
Confirm with . or Enter, or press ? or * to list all spells.
Aiming: Searing Ray (safe; 1% risk of failure)
Press: ? - help, Shift-Dir - straight line, f/p - Grinder
Aim: Grinder (moderately wounded, 78% to hit)
The searing ray hits Grinder.
Grinder is moderately wounded. (Press . to maintain the ray.) Grinder hits you!
You writhe in agony.
* * * LOW HITPOINT WARNING * * *
Unknown command.
Unknown command.
You barely miss Grinder.
Grinder is moderately wounded.
Grinder hits you.
* * * LOW HITPOINT WARNING * * *
You writhe in agony.
* * * LOW HITPOINT WARNING * * *
It was a potion of curing.
You feel better. Grinder misses you.
You closely miss Grinder.
Grinder is moderately wounded.
Grinder barely misses you.
You closely miss Grinder.
Grinder is moderately wounded.
Grinder hits you.
You writhe in agony.
You barely miss Grinder.
Grinder is moderately wounded.
Grinder hits you!
You die...

######.#
#......# .#
#.####.# ..
##.## #.# .#
##...###.#
.#
...#.....#
.#
##...###.#
.# ##.##
#.########5#
#.#
#.......>@.#
###<#
#.##########
....####.#
.........#
##########


You could see Grinder.

Vanquished Creatures
  2 orc priests (D:3)
  An adder (D:2)
  2 dart slugs (D:3)
  9 orcs (D:3)
  3 endoplasms (D:1)
  A giant cockroach (D:3)
  4 goblins
  2 hobgoblins
  2 jackals (D:1)
  4 quokkas
  5 ball pythons
  A bat (D:1)
  A frilled lizard (D:3)
  3 kobolds
  5 rats
45 creatures vanquished.

Vanquished Creatures (others)
  A fungus (D:3)
1 creature vanquished.

Grand Total: 46 creatures vanquished

Notes
Turn   | Place    | Note
-------+----------+-------------------------------------------
     0 | D:1      | Ordine the Deep Elf Conjurer began the quest for the Orb.
     0 | D:1      | Reached XP level 1. HP: 10/10 MP: 6/6
   413 | D:1      | Reached XP level 2. HP: 15/15 MP: 5/8
   602 | D:1      | Learned a level 2 spell: Searing Ray
  1404 | D:2      | Reached XP level 3. HP: 19/19 MP: 5/9
  1605 | D:3      | Reached skill level 5 in Conjurations
  1790 | D:3      | Reached XP level 4. HP: 24/24 MP: 4/11
  1797 | D:3      | Learned a level 4 spell: Iskenderun's Mystic Blast
  1879 | D:3      | Identified the +8 spear "Murmur" {venom, rElec rN+}
  2153 | D:3      | Found a faded altar of an unknown god.
  2295 | D:3      | Noticed Grinder
  2305 | D:3      | Slain by Grinder

Illustrated notes

Levels and vault maps discovered:
D:1:      dpeg_arrival_boxes_within_box, layout_loops_ring,
          minmay_close_crescents
D:2:      layout_loops_cross, nicolae_concentric_dashed_squares_wild
D:3:      layout_loops_ring, shapermc_ecumenical_altar_acropolis, moated_statue,
          uniq_sigmund, uniq_grinder

Skill      XL: |  1  2  3  4 |
---------------+-------------+-----
Stealth        | 3 |  3.0
Dodging        | 3 |  3.0
Conjurations   | 5 |  5.8
Spellcasting   | 4 |  4.2
Translocations | |  0.9

Action                   |  1- 3 |  4- 6 || total
-------------------------+-------+-------++-------
Melee: Spear             |       |     7 ||     7
 Cast: Magic Dart        |    55 |    27 ||    82
       Searing Ray       |     1 |     2 ||     3
  Use: Potion            |       |     1 ||     1
Armor: Robe              |     2 |       ||     2
Dodge: Dodged            |     3 |     3 ||     6
